 Dungeon Crawl Stone Soup version 0.31-a0-986-g5e6e4ef867 (webtiles) character file.

Game seed: 8712178928384010657

1494 jasper the Conjurer (level 8, 0/36 HPs)
             Began as a Spriggan Conjurer on Nov 15, 2023.
             Killed by divine providence
             ... invoked by an orc priest
              (11 damage)
             ... on level 6 of the Dungeon.
             The game lasted 00:12:50 (6859 turns).

jasper the Conjurer (Spriggan Conjurer)             Turns: 6859, Time: 00:12:51

Health: 0/36       AC:  2    Str:  3    XL:     8   Next: 51%
Magic:  9/27       EV: 17    Int: 21    God:
Gold:   195        SH:  0    Dex: 14    Spells: 8/19 levels left

rFire   . . .        k - +8 hand axe of Daegh {holy, SInv}
rCold   + . .        (no shield)
rNeg    . . .        a - +0 robe
rPois   .            (helmet restricted)
rElec   .            (no cloak)
rCorr   .            (gloves unavailable)
SInv    +            (boots unavailable)
Will    +....        (no amulet)
Stlth   ++           e - ring of magical power
HPRegen 0.26/turn    c - ring of protection from cold
MPRegen 0.20/turn

%: no passive effects
@: very quick
A: very small, no large weapons, unfitting armour, see invisible, speed 3
a: no special abilities


You were on level 6 of the Dungeon.
You visited 1 branch of the dungeon, and saw 6 of its levels.
You also visited: Sewer.

You collected 231 gold pieces.
You spent 36 gold pieces at shops.

Inventory:

Hand Weapons
 j - a +1 spectral short sword
 k - the +8 hand axe of Daegh (weapon) {holy, SInv}
   (You took it off an orc on level 5 of the Dungeon)

   SInv:      It lets you see invisible.
 n - a +1 dagger of holy wrath
Missiles
 o - 6 boomerangs
 A - a curare-tipped dart
Armour
 a - a +0 robe (worn)
 f - a +1 buckler
Jewellery
 c - a ring of protection from cold (right hand)
 e - a ring of magical power (left hand)
 i - a ring of ice
 s - a ring of fire
Wands
 m - a wand of polymorph (13)
Scrolls
 d - 3 scrolls of teleportation
 g - a scroll of identify
 l - a scroll of revelation
 p - 2 scrolls of enchant weapon
 y - a scroll of fog
 z - a scroll of fear
Potions
 b - 2 potions of magic
 h - a potion of invisibility
 q - 2 potions of heal wounds
 r - a potion of attraction
 t - 3 potions of curing
 w - a potion of lignification
 x - a potion of mutation
 B - a potion of berserk rage


   Skills:
 - Level 2.6 Dodging
 - Level 3.0 Stealth
 - Level 6.0 Spellcasting
 + Level 7.4 Conjurations
 - Level 3.0 Hexes
 - Level 3.6 Translocations


You had 8 spell levels left.
You knew the following spells:

 Your Spells              Type           Power      Damage    Failure   Level
a - Magic Dart            Conj           100%       1d8       1%          1
b - Searing Ray           Conj           74%        2d7       1%          2
c - Fulminant Prism       Conj/Hex       14%        3d8       11%         4
d - Iskenderun's Mystic   Conj/Tloc      29%        2d7       10%         4

Your spell library contained the following spells:

 Spells                   Type           Power      Damage    Failure   Level
 Dazzling Flash           Conj/Hex       56%        N/A       3%          3
 Hailstorm                Conj/Ice       21%        3d6       6%          3
 Summon Ice Beast         Ice/Summ       6%         N/A       67%         4
 Simulacrum               Ice/Necr       3%         N/A       100%        6


Dungeon Overview and Level Annotations

Branches:
Dungeon (6/15)              Sewer (visited)
 Temple: D:4-7

Altars:
Ashenzari
Elyvilon
Makhleb
Trog

Shops:
D:1 *

Annotations:
D:6 Menkaure


Innate Abilities, Weirdness & Mutations

You are very small and have problems with some larger weapons.
You are too small for most types of armour.
You have supernaturally acute eyesight. (SInv)
You cover ground extremely quickly. (Speed+++)


Message History

The searing ray hits the orc.
The orc is almost dead. (Press . to maintain the ray.)
The orc priest shouts!
Menkaure mumbles some strange words.
Menkaure seems to speed up.
You now have 15/27 mp.
The orc attacks as it pursues you! The orc misses you.
The orc attacks as it pursues you! The orc hits you with a +0 war axe.
You take 3 damage, and have 33/36 hp.
Casting: Searing Ray (safe; 1% risk of failure)
Confirm with . or Enter, or press ? or * to list all spells.
Aiming: Fulminant Prism (quite dangerous; 12% risk of failure)
Press: ? - help, Dir - move target, p - orc You conjure a prism of explosive energy!
A fulminant prism comes into view.
Menkaure calls on the powers of darkness!
The orc priest convulses!
The iguana convulses!
The orc convulses!
Your body is wracked with pain!
The orc hits you with a +0 war axe!
* * * LOW HITPOINT WARNING * * *
You take 23 damage, and have 10/36 hp.
MASSIVE DAMAGE!!
You now have 11/27 mp.
Casting: Fulminant Prism (quite dangerous; 12% risk of failure)
Confirm with . or Enter, or press ? or * to list all spells.
Aiming: Searing Ray (safe; 1% risk of failure)
Press: ? - help, Shift-Dir - straight line, f - orc
Aim: an orc, wielding a +0 war axe and wearing a +0 chain mail (almost dead, 86% to hit)
The searing ray hits the orc but does no damage.
The orc is almost dead.
The searing ray hits the orc.
You kill the orc!
The searing ray hits the iguana!
You kill the iguana! (Press . to maintain the ray.)
Your fulminant prism crackles loudly.
You now have 10/27 mp.
The searing ray hits the orc!
You kill the orc!
The orc priest invokes the aid of Beogh against you.
Beogh smites you!
You die...

. #################...
#.........##.*.M....
#.#####..@).))o))...
#.# #...##.##..... #.#
######.# ... #.# #.# .
#.# #.# ###.### #.#
#.....# #.#
#.....########.#####.#
#....................#


You could see Menkaure (fast), an orc priest (ally target) and a friendly
fulminant prism.

Vanquished Creatures
  A water moccasin (D:5)
  2 ogres (D:5)
  3 kobold brigands (Sewer)
  A bullfrog (D:6)
  A scorpion (D:5)
  A howler monkey (D:5)
  2 jellies (D:5)
  3 hounds
  A gnoll bouda (D:5)
  A sleepcap (D:3)
  Natasha (thrice) (D:3)
  3 iguanas
  9 orc wizards
  Robin (D:2)
  3 gnolls (D:5)
  5 adders
  3 river rats (Sewer)
  A white imp (D:5)
  6 worms
  A dart slug (D:5)
  26 orcs
  9 ball pythons
  6 bats
  2 endoplasms
  2 giant cockroaches
  17 goblins
  13 hobgoblins
  4 jackals
  9 kobolds
  3 quokkas
  2 frilled lizards
  5 rats
149 creatures vanquished.

Vanquished Creatures (others)
  3 fulminant prisms
3 creatures vanquished.

Grand Total: 152 creatures vanquished

Notes
Turn   | Place    | Note
-------+----------+-------------------------------------------
     0 | D:1      | jasper the Spriggan Conjurer began the quest for the Orb.
     0 | D:1      | Reached XP level 1. HP: 9/9 MP: 5/5
    32 | D:1      | Reached skill level 3 in Conjurations
   362 | D:1      | Reached XP level 2. HP: 13/13 MP: 7/7
   365 | D:1      | Learned a level 2 spell: Searing Ray
   549 | D:1      | Found Nuogif's General Store.
   902 | D:1      | Bought a scroll of teleportation for 36 gold pieces
  1147 | D:2      | Found a faded altar of an unknown god.
  1263 | D:2      | Reached XP level 3. HP: 4/16 MP: 7/9
  1658 | D:2      | Noticed Robin
  1668 | D:2      | Killed Robin
  1676 | D:2      | Reached XP level 4. HP: 18/21 MP: 5/11
  1696 | D:2      | Learned a level 4 spell: Fulminant Prism
  1701 | D:2      | Learned a level 4 spell: Iskenderun's Mystic Blast
  2236 | D:3      | Noticed Natasha
  2294 | D:3      | Reached skill level 1 in Translocations
  2531 | D:3      | Reached skill level 1 in Hexes
  2597 | D:3      | Reached XP level 5. HP: 24/24 MP: 12/12
  2837 | D:3      | Found a burning altar of Makhleb.
  3096 | D:3      | Found a broken altar of Ashenzari.
  3107 | D:3      | Killed Natasha
  3108 | D:3      | Reached skill level 5 in Spellcasting
  3108 | D:3      | Reached skill level 4 in Conjurations
  3179 | D:3      | Noticed Natasha
  3194 | D:3      | Killed Natasha
  3300 | D:3      | Noticed Natasha
  3306 | D:3      | Killed Natasha
  3307 | D:3      | Reached XP level 6. HP: 28/28 MP: 14/14
  3997 | D:4      | Found a white marble altar of Elyvilon.
  4524 | D:5      | Entered Level 5 of the Dungeon
  4670 | D:5      | Identified the +8 hand axe of Daegh {holy, SInv}
  4752 | D:5      | Reached XP level 7. HP: 29/32 MP: 12/17
  4827 | D:5      | Found a bloodstained altar of Trog.
  4951 | D:5      | Reached skill level 5 in Conjurations
  5221 | D:5      | Reached skill level 6 in Conjurations
  5383 | D:5      | Identified the +1 hand axe "Athrutto" {heavy, rPois}
  5414 | D:5      | Reached XP level 8. HP: 36/36 MP: 18/18
  5995 | D:6      | Found a glowing drain.
  6010 | Sewer    | Entered a sewer
  6457 | Sewer    | Reached skill level 7 in Conjurations
  6852 | D:6      | Noticed Menkaure
  6859 | D:6      | Killed from afar by an orc priest

Illustrated notes

Levels and vault maps discovered:
D:1:      ldierk_walled_garden_2, layout_loops_cross, serial_shops, shop
D:2:      layout_loops_ring, shapermc_ecumenical_altar_hornbeckon,
          minmay_liquid_box, minmay_door_square, uniq_robin
D:3:      layout_loops_cross, mainiacjoe_overflow_catch_the_wave,
          kennysheep_boxes, uniq_natasha
D:4:      layout_loops_ring, mainiacjoe_overflow_alcove_1,
          chequers_serial_rivers_room_b
D:5:      layout_layer_cave, mainiacjoe_overflow_24_doors
D:6:      layout_loops_ring, gup_sewer_entry_bubbles, uniq_menkaure

Skill      XL: |  1  2  3  4  5  6  7  8 |
---------------+-------------------------+-----
Conjurations   | 3 4 6 7 |  7.4
Spellcasting   | 3 4 5 6 |  6.0
Translocations | 1 3 |  3.6
Hexes          | 1 2 3 |  3.0
Dodging        | |  2.6
Stealth        | |  3.0

Action                     |  1- 3 |  4- 6 |  7- 9 || total
---------------------------+-------+-------+-------++-------
  Melee: Short sword       |       |     4 |       ||     4
         Unarmed           |       |     9 |       ||     9
         Hand axe          |       |       |    21 ||    21
   Cast: Magic Dart        |    63 |    80 |    68 ||   211
         Searing Ray       |     9 |    34 |    30 ||    73
         Fulminant Prism   |       |       |     4 ||     4
    Use: Scroll            |     6 |     6 |     6 ||    18
         Potion            |     1 |     1 |       ||     2
 Armour: Robe              |     6 |    14 |    18 ||    38
         Skin              |       |     4 |       ||     4
  Dodge: Dodged            |     7 |    24 |    32 ||    63

Table legend: (Time is in decaauts)
 A = Elapsed time spent in this place.
 B = Non-inter-level travel time spent in this place.
 C = Inter-level travel time spent in this place.
 D = Time resting spent in this place.
 E = Time spent auto-exploring this place.
 F = Levels seen in this place.
 G = Mean time per level.
                   A        B        C        D        E       F      G
               +--------+--------+--------+--------+--------+-----+--------+
         Total |   5519 |   5387 |    132 |    373 |   4234 |   7 |  788.4 |
       Dungeon |   4896 |   4764 |    132 |    373 |   3725 |   6 |  816.0 |
         Sewer |    622 |    622 |      0 |      0 |    509 |   1 |  622.0 |
               +--------+--------+--------+--------+--------+-----+--------+

Top non-repeatable levels by time:
     D:2: 1206 daAuts
     D:3: 949 daAuts
     D:5: 927 daAuts
     D:4: 685 daAuts
     D:1: 674 daAuts
   Sewer: 622 daAuts
     D:6: 454 daAuts
